 Dungeon Crawl Stone Soup version 0.31.0-9-g3a7656b989 (webtiles) character file.

Game seed: 18086675550802889634

129 qw the Skirmisher (level 4, 0/25 HPs)
             Began as a Deep Elf Hunter on Feb 2, 2024.
             Succumbed to a scorpion's poison
             ... on level 3 of the Dungeon.
             The game lasted 00:00:07 (1700 turns).

qw the Skirmisher (Deep Elf Hunter)                 Turns: 1700, Time: 00:00:07

Health: 0/25       AC:  7    Str: 10    XL:     4   Next: 88%
Magic:  6/6        EV:  9    Int: 14    God:
Gold:   99         SH:  0    Dex: 18    Spells: 3/3 levels left

rFire   . . .        a - +0 shortbow
rCold   . . .        (shield currently unavailable)
rNeg    . . .        h - +0 scale mail
rPois   .            (no helmet)
rElec   .            f - +0 cloak
rCorr   .            (no gloves)
SInv    .            (no boots)
Will    .....        (no amulet)
Stlth   +            (no ring)
HPRegen 0.24/turn    (no ring)
MPRegen 0.10/turn

%: no passive effects
@: lethally poisoned (0 -> -10)
A: no striking features
a: no special abilities


You were on level 3 of the Dungeon.
You visited 1 branch of the dungeon, and saw 3 of its levels.

You collected 99 gold pieces.


   Skills:
 - Level 1.5 Fighting
 + Level 8.3 Ranged Weapons
 - Level 2.4 Dodging
 - Level 1.2 Stealth


You had 3 spell levels left.
You didn't know any spells.
Your spell library was empty.

Inventory:

Hand Weapons
 a - a +0 shortbow (weapon)
Armour
 f - a +0 cloak (worn)
 h - a +0 scale mail (worn)
Jewellery
 e - a +4 ring of slaying {mikee}
Wands
 c - a wand of roots (7)
Scrolls
 g - a scroll of amnesia {unknown}
 i - a scroll of brand weapon {unknown}
 k - 2 scrolls of enchant armour {unknown}
Potions
 b - a potion of heal wounds {unknown}
 d - 2 potions of mutation {unknown}
 j - a potion of curing {unknown}

Dungeon Overview and Level Annotations

Branches:
Dungeon (3/15)

Altars:
Ashenzari

Shops:
D:1 ::

Annotations:
D:3 Jessica


Message History

The ribbon worm is almost dead.
The ribbon worm bites you.
You shoot an arrow. The arrow hits the ribbon worm!
You kill the ribbon worm!
The pharaoh ant waves its antennae.
You start resting.
HP restored.
There is a stone staircase leading up here.
A scorpion comes into view.
You shoot an arrow.
The arrow hits the scorpion but does no damage.
You shoot an arrow. The arrow barely misses the scorpion.
The scorpion stings you.
You shoot an arrow. The arrow closely misses the scorpion.
The scorpion stings you.
The scorpion stings you but does no damage.
You shoot an arrow. The arrow barely misses the scorpion.
The scorpion barely misses you.
You shoot an arrow.
The arrow hits the scorpion but does no damage.
The scorpion stings you. x2
You shoot an arrow. The arrow closely misses the scorpion.
The scorpion barely misses you. The scorpion stings you.
You shoot an arrow. The arrow barely misses the scorpion.
The scorpion stings you.
You shoot an arrow. The arrow hits the scorpion.
The scorpion is moderately wounded.
The scorpion stings you but does no damage.
The scorpion stings you.
You shoot an arrow. The arrow hits the scorpion.
The scorpion is heavily wounded.
The scorpion stings you but does no damage.
You shoot an arrow. The arrow hits the scorpion.
The scorpion is severely wounded.
The scorpion stings you.
You are lethally poisoned!
The scorpion poisons you! The scorpion barely misses you.
You shoot an arrow. The arrow hits the scorpion!
You kill the scorpion!
You die...

#.# #..# #.# .. ...
...# #.# ### ..###.##
#.# . #.# #.# ## #.. .
### ### ##.##
#..####.#.##
########## #....@###.#
#.~~.~~.~~
#.####.#<####mHE..~~..
#.....#FmFH....~
#.....##########
.....###...........
##### #........._.
##..........
########### ##s~##s#B#


There were no monsters in sight!

Vanquished Creatures
  2 scorpions
  A gnoll (D:1)
  2 dart slugs
  A ribbon worm (D:3)
  4 ball pythons (D:1)
  4 endoplasms
  8 giant cockroaches
  4 goblins
  5 hobgoblins
  2 kobolds (D:1)
  3 quokkas
  6 bats (D:1)
  A frilled lizard (D:2)
  5 rats
48 creatures vanquished.

Notes
Turn   | Place    | Note
-------+----------+-------------------------------------------
     0 | D:1      | qw the Deep Elf Hunter began the quest for the Orb.
     0 | D:1      | Reached XP level 1. HP: 12/12 MP: 3/3
     0 | D:1      | 0 ||| qw: Version: 0.3-a-155-g5e7d8dd
     0 | D:1      | 0 ||| qw: Game counter: 2507
     0 | D:1      | 0 ||| qw: Melee chars always use a shield: true
     0 | D:1      | 0 ||| qw: God list: Okawaru
     0 | D:1      | 0 ||| qw: Allow faded altars: false
     0 | D:1      | 0 ||| qw: Do Orc after clearing Dungeon:15 true
     0 | D:1      | 0 ||| qw: Do second Lair branch before Depths: true
     0 | D:1      | 0 ||| qw: Lair rune preference: random
     0 | D:1      | 0 ||| qw: Goals: Normal
     0 | D:1      | 0 ||| PLANNING D:1-11
    85 | D:1      | Reached XP level 2. HP: 9/16 MP: 4/4
   127 | D:1      | Reached skill level 6 in Ranged Weapons
   152 | D:1      | Found Xygesopuc's Book Shoppe.
   492 | D:1      | Found Qaqorie's Book Boutique.
   609 | D:1      | Reached XP level 3. HP: 20/20 MP: 5/5
   717 | D:1      | Reached skill level 7 in Ranged Weapons
   744 | D:1      | 744 ||| UPGRADING to +0 cloak.
   749 | D:1      | 749 ||| UPGRADING to +0 scale mail.
   759 | D:1      | 759 ||| DROPPING +0 leather armour.
   760 | D:1      | 760 ||| READING scroll labelled MINUOZ HI IRI.
   761 | D:1      | 761 ||| READING 3 scrolls labelled SAQOID TELED.
   762 | D:1      | 762 ||| READING scroll labelled FUJYTE RILE.
   763 | D:1      | 763 ||| READING 2 scrolls labelled PAGYWE CUNOPN.
   764 | D:1      | 764 ||| DROPPING scroll of butterflies.
   765 | D:1      | 765 ||| DROPPING 2 scrolls of fear.
   766 | D:1      | 766 ||| DROPPING scroll of poison.
   768 | D:1      | 768 ||| Stepping ~*~*~tactically~*~*~ (cloud).
   895 | D:2      | 895 ||| FLEEEEING.
   897 | D:2      | 897 ||| FLEEEEING.
   899 | D:2      | 899 ||| FLEEEEING.
   900 | D:2      | 900 ||| FLEEEEING.
   901 | D:2      | 901 ||| FLEEEEING.
   965 | D:2      | Found a faded altar of an unknown god.
  1130 | D:2      | Noticed a scorpion
  1138 | D:2      | Killed a scorpion
  1139 | D:2      | Reached skill level 8 in Ranged Weapons
  1139 | D:2      | Reached XP level 4. HP: 25/25 MP: 6/6
  1517 | D:2      | 1517 ||| READING scroll labelled LEOSAE LOUPIOKHLI.
  1634 | D:3      | Found a broken altar of Ashenzari.
  1638 | D:3      | Saw a vision of the Shoals and the Spider Nest.
  1638 | D:3      | Noticed a skyshark
  1638 | D:3      | Noticed a merfolk
  1638 | D:3      | Noticed a manticore
  1638 | D:3      | Noticed a manticore
  1638 | D:3      | Noticed a water elemental
  1638 | D:3      | Noticed a merfolk
  1638 | D:3      | Noticed a skyshark
  1638 | D:3      | Noticed a pharaoh ant
  1638 | D:3      | Noticed a sun moth
  1638 | D:3      | Noticed a jorogumo
  1638 | D:3      | Noticed a pharaoh ant
  1638 | D:3      | Noticed a pharaoh ant
  1638 | D:3      | Noticed a jumping spider
  1639 | D:3      | Noticed a culicivora
  1640 | D:3      | Noticed a jumping spider
  1640 | D:3      | Noticed a tarantella
  1641 | D:3      | Noticed Jessica
  1641 | D:3      | Noticed a demonic crawler
  1642 | D:3      | Noticed a demonic crawler
  1642 | D:3      | Noticed a tarantella
  1689 | D:3      | Noticed a scorpion
  1697 | D:3      | HP: 6/25 [scorpion (5)]
  1699 | D:3      | HP: 2/25 [scorpion (4)]
  1700 | D:3      | Killed a scorpion
  1700 | D:3      | Succumbed to a scorpion's poison

Levels and vault maps discovered:
D:1:      dpeg_arrival_solitude, layout_basic, serial_shops, shop, shop,
          nicolae_twisty_statue_hallways
D:2:      layout_loops_ring, dreamdust_ecumenical_altar_statues,
          minmay_misc_feat_hallway
D:3:      layout_loops_ring, grunt_ashenzari_visionary
          [grunt_ashenzari_visionary_shoals, grunt_ashenzari_visionary_spider],
          minmay_crystal_room, uniq_jessica

Skill      XL: |  1  2  3 |
---------------+----------+-----
Ranged Weapons | 6 8 |  8.3
Fighting       | |  1.5
Dodging        | |  2.4
Stealth        | |  1.2

Action                     |  1- 3 |  4- 6 || total
---------------------------+-------+-------++-------
   Fire: Shortbow          |   107 |    44 ||   151
    Use: Scroll            |     4 |     1 ||     5
 Armour: Leather armour    |     6 |       ||     6
         Scale mail        |    10 |    18 ||    28
  Dodge: Dodged            |    25 |    11 ||    36

Table legend:
 A = Non-vault XP
 B = Vault XP
 C = Vault XP percentage of total XP
 D = Non-vault monster count
 E = Vault monster count
 F = Vault count percentage of total count
                 A         B        C        D         E       F
            +---------+---------+-------+---------+---------+-------
      Total |     272 |       0 |   0.0 |      48 |       0 |   0.0
            +---------+---------+-------+---------+---------+-------
        D:1 |      64 |       0 |   0.0 |      31 |       0 |   0.0
        D:2 |     109 |       0 |   0.0 |      12 |       0 |   0.0
        D:3 |      99 |       0 |   0.0 |       5 |       0 |   0.0
            +---------+---------+-------+---------+---------+-------
